[ AOE2 MATCH · #489346469 ]
UnrankedBritons vs Shu
Player's team · WIN
Rival team · LOSS
[ REPLAY ANALYSIS · EXTRACTED FROM THE RECORDED GAME ]
Feudal
8:51
Castle
18:15
Imperial
35:28
| APM avg | 82.4 |
| APM peak | 138 |
| eAPM avg | 49.4 |
| Villagers / military | 207 / 642 |
Focus
⚔️ 63.6% · 🌾 36.4%
Scout Cavalry ×363 · Skirmisher ×120 · Archer ×103 · Knight ×26 · Trebuchet (Packed) ×15 · Mangonel ×6
Feudal
8:51
Castle
19:26
Imperial
33:09
| APM avg | 71.5 |
| APM peak | 126 |
| eAPM avg | 28.9 |
| Villagers / military | 195 / 466 |
Focus
⚔️ 39.9% · 🌾 60.1%
Scout Cavalry ×190 · Archer ×137 · Skirmisher ×122 · Unknown (1944) ×92 · Unknown (1942) ×21 · Monk ×6
Match map
Initial resources + every placement click. Lines = walls · curves = elevation contours. ◆ gold · ⬟ stone · ● berries · ✦ relic · ◌ wall gap
Your base· ✓ Closed at 18:15 · 37t walls · 1 gate(s)
OS+ | Sziky's base· Open — 4t gap
Smoothed initial terrain · ◌ = detected wall gap · hover for details
Inputs per minute
— TAG_Sitaux - - OS+ | Sziky
Build order — TAG_Sitaux
First 150 of 1173 actions detected
| 0:01 | Create | Villager (Male) |
| 0:01 | Create | Villager (Male) |
| 0:02 | Build | House |
| 0:02 | Build | House |
| 0:07 | Create | Villager (Male) |
| 0:07 | Create | Villager (Male) |
| 1:18 | Create | Villager (Male) |
| 1:31 | Create | Villager (Male) |
| 1:31 | Create | Villager (Male) |
| 1:37 | Build | House |
| 1:42 | Build | House |
| 1:55 | Create | Villager (Male) |
| 2:14 | Build | Mill |
| 2:23 | Create | Villager (Male) |
| 2:23 | Create | Villager (Male) |
| 2:46 | Create | Villager (Male) |
| 3:40 | Create | Villager (Male) |
| 4:01 | Create | Villager (Male) |
| 4:28 | Build | Lumber Camp |
| 4:33 | Create | Villager (Male) |
| 4:53 | Create | Villager (Male) |
| 5:15 | Create | Villager (Male) |
| 5:45 | Create | Villager (Male) |
| 6:08 | Research | Loom |
| 6:28 | Build | Barracks |
| 6:35 | Research | Feudal Age |
| 6:57 | Build | House |
| 7:20 | Create | Militia |
| 7:20 | Create | Militia |
| 7:39 | Create | Militia |
| 7:40 | Create | Militia |
| 7:50 | Build | House |
| 8:18 | Create | Villager (Male) |
| 8:24 | Build | Mill |
| 8:51 | Age | Feudal Age |
| 8:54 | Research | Man-at-Arms (upgrade) |
| 8:59 | Research | Double-Bit Axe |
| 9:09 | Create | Villager (Male) |
| 9:24 | Build | Farm |
| 9:25 | Build | Farm |
| 9:31 | Build | House |
| 9:33 | Build | Palisade Wall |
| 9:34 | Build | Palisade Wall |
| 9:38 | Create | Villager (Male) |
| 9:44 | Build | House |
| 9:49 | Build | Palisade Wall |
| 9:50 | Build | Palisade Wall |
| 9:59 | Create | Villager (Male) |
| 10:04 | Build | Palisade Wall |
| 10:16 | Build | Farm |
| 10:18 | Create | Villager (Male) |
| 10:36 | Build | Palisade Wall |
| 10:47 | Create | Villager (Male) |
| 10:49 | Build | Farm |
| 11:14 | Create | Villager (Male) |
| 11:29 | Build | Farm |
| 11:30 | Build | Farm |
| 11:35 | Create | Villager (Male) |
| 11:38 | Build | Farm |
| 11:59 | Build | Mining Camp |
| 12:01 | Create | Villager (Male) |
| 12:25 | Create | Villager (Male) |
| 12:39 | Build | Farm |
| 12:48 | Create | Villager (Male) |
| 13:15 | Create | Villager (Male) |
| 13:21 | Build | Stable |
| 13:38 | Create | Villager (Male) |
| 14:10 | Create | Villager (Male) |
| 14:12 | Build | Blacksmith |
| 14:43 | Create | Villager (Male) |
| 15:06 | Create | Villager (Male) |
| 15:18 | Build | Lumber Camp |
| 15:35 | Research | Castle Age |
| 15:35 | Research | Castle Age |
| 15:53 | Research | Horse Collar |
| 15:53 | Research | Horse Collar |
| 15:56 | Build | Farm |
| 15:57 | Build | Farm |
| 15:59 | Build | Farm |
| 16:04 | Build | Farm |
| 16:15 | Build | Palisade Gate |
| 16:27 | Create | Scout Cavalry |
| 16:37 | Build | House |
| 16:37 | Build | House |
| 17:01 | Build | House |
| 17:01 | Build | House |
| 17:02 | Create | Scout Cavalry |
| 17:04 | Build | Farm |
| 17:06 | Build | Farm |
| 17:32 | Create | Scout Cavalry |
| 17:55 | Build | Farm |
| 17:57 | Build | Farm |
| 18:08 | Create | Villager (Male) |
| 18:15 | Age | Castle Age |
| 18:16 | Build | Town Center |
| 18:18 | Research | Light Cavalry (upgrade) |
| 18:19 | Build | Monastery |
| 18:25 | Build | Town Center |
| 18:43 | Research | Wheelbarrow |
| 18:46 | Create | Villager (Male) |
| 19:06 | Create | Villager (Male) |
| 19:20 | Create | Villager (Male) |
| 19:29 | Create | Villager (Male) |
| 19:30 | Research | Bow Saw |
| 19:30 | Research | Bow Saw |
| 19:34 | Create | Villager (Male) |
| 19:38 | Build | Farm |
| 19:41 | Create | Villager (Male) |
| 19:43 | Create | Monk |
| 19:55 | Create | Villager (Male) |
| 20:00 | Create | Villager (Male) |
| 20:01 | Build | Farm |
| 20:15 | Build | Farm |
| 20:17 | Build | Farm |
| 20:25 | Create | Villager (Male) |
| 20:27 | Create | Villager (Male) |
| 20:40 | Research | Heavy Plow |
| 20:41 | Research | Heavy Plow |
| 20:49 | Create | Villager (Male) |
| 20:53 | Create | Monk |
| 20:55 | Create | Villager (Male) |
| 20:59 | Build | Farm |
| 21:00 | Build | Farm |
| 21:03 | Build | Farm |
| 21:05 | Build | Farm |
| 21:06 | Create | Villager (Male) |
| 21:30 | Create | Villager (Male) |
| 21:35 | Create | Villager (Male) |
| 21:35 | Create | Villager (Male) |
| 21:36 | Create | Villager (Male) |
| 21:51 | Build | Archery Range |
| 21:58 | Research | Town Watch |
| 22:04 | Create | Monk |
| 22:05 | Create | Villager (Male) |
| 22:08 | Create | Villager (Male) |
| 22:10 | Build | Archery Range |
| 22:21 | Create | Villager (Male) |
| 22:21 | Create | Villager (Male) |
| 22:24 | Build | House |
| 22:25 | Build | House |
| 22:31 | Build | Lumber Camp |
| 22:43 | Create | Skirmisher |
| 22:45 | Create | Villager (Male) |
| 22:45 | Create | Villager (Male) |
| 22:48 | Create | Villager (Male) |
| 22:57 | Create | Monk |
| 22:58 | Create | Skirmisher |
| 23:03 | Create | Villager (Male) |
| 23:05 | Create | Skirmisher |
| 23:06 | Create | Skirmisher |
Build order — OS+ | Sziky
First 150 of 800 actions detected
| 0:01 | Create | Villager (Male) |
| 0:02 | Build | House |
| 0:02 | Build | House |
| 0:11 | Create | Villager (Male) |
| 0:11 | Create | Villager (Male) |
| 0:23 | Create | Villager (Male) |
| 1:27 | Create | Villager (Male) |
| 1:57 | Build | Mill |
| 2:01 | Create | Villager (Male) |
| 2:18 | Create | Villager (Male) |
| 2:47 | Create | Villager (Male) |
| 3:02 | Create | Villager (Male) |
| 3:40 | Create | Villager (Male) |
| 3:40 | Create | Villager (Male) |
| 3:59 | Build | House |
| 4:08 | Create | Villager (Male) |
| 4:09 | Build | House |
| 4:31 | Create | Villager (Male) |
| 4:32 | Create | Villager (Male) |
| 5:05 | Create | Villager (Male) |
| 5:06 | Create | Villager (Male) |
| 5:07 | Research | Loom |
| 5:33 | Build | Lumber Camp |
| 6:09 | Research | Loom |
| 6:36 | Research | Feudal Age |
| 7:09 | Create | Villager (Male) |
| 7:21 | Build | Lumber Camp |
| 7:45 | Create | Villager (Male) |
| 7:59 | Build | House |
| 8:27 | Build | Barracks |
| 8:29 | Create | Villager (Male) |
| 8:51 | Age | Feudal Age |
| 9:12 | Build | Archery Range |
| 9:16 | Build | Palisade Wall |
| 9:19 | Create | Villager (Male) |
| 9:21 | Build | Palisade Wall |
| 9:23 | Build | Palisade Wall |
| 9:26 | Build | Palisade Wall |
| 9:26 | Build | Palisade Wall |
| 9:28 | Create | Villager (Male) |
| 9:46 | Create | Villager (Male) |
| 9:50 | Build | House |
| 9:52 | Create | Archer |
| 10:01 | Research | Double-Bit Axe |
| 10:10 | Create | Skirmisher |
| 10:11 | Create | Villager (Male) |
| 10:14 | Build | Palisade Wall |
| 10:33 | Create | Villager (Male) |
| 10:40 | Create | Skirmisher |
| 10:43 | Build | Farm |
| 10:59 | Build | Farm |
| 11:00 | Build | Farm |
| 11:12 | Create | Villager (Male) |
| 11:26 | Create | Villager (Male) |
| 11:28 | Build | Farm |
| 11:30 | Build | Farm |
| 11:36 | Create | Villager (Male) |
| 11:38 | Build | House |
| 11:39 | Build | House |
| 11:44 | Build | Farm |
| 11:59 | Build | Mill |
| 12:08 | Create | Villager (Male) |
| 12:29 | Build | Farm |
| 12:29 | Create | Villager (Male) |
| 12:31 | Build | Farm |
| 12:32 | Build | Farm |
| 12:47 | Build | Farm |
| 12:47 | Create | Villager (Male) |
| 13:03 | Build | House |
| 13:11 | Create | Villager (Male) |
| 13:16 | Build | Farm |
| 13:18 | Build | Farm |
| 13:29 | Create | Villager (Male) |
| 13:36 | Build | Farm |
| 13:36 | Build | Farm |
| 13:39 | Create | Villager (Male) |
| 14:01 | Build | Mining Camp |
| 14:03 | Create | Villager (Male) |
| 14:14 | Create | Villager (Male) |
| 14:29 | Create | Villager (Male) |
| 14:37 | Create | Villager (Male) |
| 14:42 | Build | Blacksmith |
| 15:13 | Create | Villager (Male) |
| 15:43 | Create | Villager (Male) |
| 15:54 | Build | Archery Range |
| 16:14 | Create | Villager (Male) |
| 16:34 | Research | Castle Age |
| 16:56 | Create | Villager (Male) |
| 17:03 | Create | Skirmisher |
| 17:03 | Create | Skirmisher |
| 17:06 | Build | Farm |
| 17:10 | Research | Fletching |
| 17:17 | Research | Padded Archer Armor |
| 17:28 | Create | Skirmisher |
| 17:33 | Create | Villager (Male) |
| 17:44 | Research | Horse Collar |
| 17:48 | Research | Gold Mining |
| 17:53 | Create | Skirmisher |
| 17:53 | Create | Skirmisher |
| 18:27 | Create | Villager (Male) |
| 18:37 | Build | Palisade Wall |
| 19:01 | Build | House |
| 19:03 | Build | House |
| 19:06 | Build | House |
| 19:07 | Build | Palisade Wall |
| 19:10 | Build | House |
| 19:14 | Build | House |
| 19:20 | Build | Palisade Wall |
| 19:26 | Age | Castle Age |
| 19:29 | Research | Bodkin Arrow |
| 19:29 | Research | Bodkin Arrow |
| 19:29 | Create | Cavalry Archer |
| 19:29 | Create | Cavalry Archer |
| 19:34 | Build | Town Center |
| 19:41 | Build | Farm |
| 19:59 | Create | Villager (Male) |
| 20:07 | Build | Town Center |
| 20:11 | Create | Villager (Male) |
| 20:24 | Create | Villager (Male) |
| 20:25 | Create | Cavalry Archer |
| 20:25 | Create | Cavalry Archer |
| 20:27 | Create | Villager (Male) |
| 20:35 | Build | Farm |
| 21:05 | Build | Farm |
| 21:06 | Build | Farm |
| 21:07 | Create | Villager (Male) |
| 21:07 | Create | Villager (Male) |
| 21:07 | Create | Villager (Male) |
| 21:35 | Create | Villager (Male) |
| 21:39 | Create | Villager (Male) |
| 21:40 | Build | Monastery |
| 21:44 | Build | Farm |
| 21:45 | Create | Villager (Male) |
| 21:46 | Build | Farm |
| 21:48 | Build | Farm |
| 21:49 | Build | Farm |
| 21:53 | Create | Villager (Male) |
| 21:55 | Research | Wheelbarrow |
| 22:03 | Build | House |
| 22:03 | Build | House |
| 22:04 | Create | Villager (Male) |
| 22:05 | Create | Villager (Male) |
| 22:06 | Create | Villager (Male) |
| 22:26 | Build | Farm |
| 22:43 | Create | Monk |
| 22:48 | Create | Villager (Male) |
| 22:49 | Create | Villager (Male) |
| 22:51 | Build | Farm |
| 22:51 | Build | Farm |
| 22:52 | Build | Farm |
Match timeline
| 6:28 | TAG_Sitaux · first_building Barracks |
| 8:27 | OS+ | Sziky · first_building Barracks |
| 8:51 | TAG_Sitaux · age_up feudal |
| 8:51 | OS+ | Sziky · age_up feudal |
| 9:12 | OS+ | Sziky · first_building Archery Range |
| 9:16 | OS+ | Sziky · wall_segment Palisade Wall x1 |
| 9:21 | OS+ | Sziky · wall_segment Palisade Wall x1 |
| 9:23 | OS+ | Sziky · wall_segment Palisade Wall x1 |
| 9:26 | OS+ | Sziky · wall_segment Palisade Wall x1 |
| 9:26 | OS+ | Sziky · wall_segment Palisade Wall x1 |
| 9:33 | TAG_Sitaux · wall_segment Palisade Wall x3 |
| 9:34 | TAG_Sitaux · wall_segment Palisade Wall x1 |
| 9:49 | TAG_Sitaux · wall_segment Palisade Wall x8 |
| 9:50 | TAG_Sitaux · wall_segment Palisade Wall x3 |
| 10:04 | TAG_Sitaux · wall_segment Palisade Wall x9 |
| 10:14 | OS+ | Sziky · wall_segment Palisade Wall x7 |
| 10:36 | TAG_Sitaux · wall_segment Palisade Wall x13 |
| 13:21 | TAG_Sitaux · first_building Stable |
| 18:15 | TAG_Sitaux · age_up castle |
| 18:19 | TAG_Sitaux · first_building Monastery |
| 18:37 | OS+ | Sziky · wall_segment Palisade Wall x3 |
| 19:07 | OS+ | Sziky · wall_segment Palisade Wall x1 |
| 19:20 | OS+ | Sziky · wall_segment Palisade Wall x1 |
| 19:26 | OS+ | Sziky · age_up castle |
| 21:40 | OS+ | Sziky · first_building Monastery |
| 21:51 | TAG_Sitaux · first_building Archery Range |
| 23:10 | OS+ | Sziky · first_building Siege Workshop |
| 26:17 | TAG_Sitaux · first_building Siege Workshop |
| 27:24 | OS+ | Sziky · wall_segment Stone Wall x1 |
| 27:25 | OS+ | Sziky · wall_segment Stone Wall x1 |
| 30:12 | OS+ | Sziky · first_market_sell 100 food |
| 32:25 | OS+ | Sziky · first_market_buy 100 stone |
| 32:27 | OS+ | Sziky · first_building Castle |
| 33:09 | OS+ | Sziky · age_up imperial |
| 35:13 | TAG_Sitaux · first_building Castle |
| 35:21 | TAG_Sitaux · first_market_sell 100 wood |
| 35:28 | TAG_Sitaux · age_up imperial |
| 43:05 | OS+ | Sziky · first_building Stable |
| 45:46 | TAG_Sitaux · first_market_buy 100 wood |
| 66:13 | OS+ | Sziky · resign |
[ AI ANALYSIS · 1 CREDIT ]
What really happened in this match?
Wolo.gg analyzes every decision: build order, eco, micro, common mistakes by bracket. Personalized analysis on WhatsApp or Discord in 30 seconds.
Civ guide
Britons
Perfil
Jugador #212721